 Dungeon Crawl Stone Soup version 0.31-a0-949-g57150269e1 (webtiles) character file.

Game seed: 16133028805465808591

135 pokeman the Magician (level 4, -1/25 HPs)
             Began as a Deep Elf Hedge Wizard on Oct 21, 2023.
             Killed by miscasting Mephitic Cloud (8 damage)
             ... on level 3 of the Dungeon.
             The game lasted 00:03:56 (2652 turns).

pokeman the Magician (Deep Elf Hedge Wizard)        Turns: 2652, Time: 00:03:57

Health: -1/25      AC:  9    Str:  7    XL:     4   Next: 96%
Magic:  3/14       EV: 13    Int: 21    God:
Gold:   138        SH:  0    Dex: 14    Spells: 7/15 levels left

rFire   + . .        r - +2 mace (protect)
rCold   . . .        (no shield)
rNeg    . . .        b - +0 robe
rPois   .            c - +0 hat
rElec   .            (no cloak)
rCorr   .            (no gloves)
SInv    .            (no boots)
Will    .....        (no amulet)
Stlth   ++           t - ring of protection from fire
HPRegen 0.24/turn    (no ring)
MPRegen 0.14/turn

%: no passive effects
@: under a protective aura, very slightly contaminated
A: no striking features
a: no special abilities


You were on level 3 of the Dungeon.
You visited 1 branch of the dungeon, and saw 3 of its levels.

You collected 138 gold pieces.

Inventory:

Hand Weapons
 r - a +2 mace of protection (weapon)
Armour
 b - a +0 robe (worn)
 c - a +0 hat (worn)
Jewellery
 t - a ring of protection from fire (left hand)
 u - a +6 ring of strength
Scrolls
 a - a scroll of fear {unknown}
 e - 2 scrolls of revelation {unknown}
 g - 2 scrolls of teleportation {unknown}
 h - 4 scrolls of noise {unknown}
 i - a scroll of enchant weapon {unknown}
 j - a scroll of brand weapon {unknown}
 m - a scroll of vulnerability {unknown}
Potions
 d - a potion of magic
 f - a potion of ambrosia {unknown}
 k - 2 potions of berserk rage {unknown}
 l - a potion of enlightenment {unknown}
 n - 2 potions of lignification {unknown}
 o - a potion of curing {unknown}
 p - a potion of haste {unknown}
 q - a potion of attraction {unknown}
 s - a potion of degeneration {unknown}


   Skills:
 - Level 1.1 Fighting
 - Level 1.0 Armour
 + Level 2.9 Dodging
 + Level 2.8 Stealth
 * Level 6.0 Spellcasting
 + Level 2.4 Conjurations
 - Level 1.1 Summonings
 - Level 1.1 Translocations


You had 7 spell levels left.
You knew the following spells:

 Your Spells              Type           Power      Damage    Failure   Level
a - Magic Dart            Conj           64%        1d6       3%          1
b - Mephitic Cloud        Conj/Pois/Air  9%         N/A       22%         3
c - Call Imp              Summ           22%        N/A       10%         2
d - Blink                 Tloc           22%        N/A       10%         2

Your spell library contained the following spells:

 Spells                   Type           Power      Damage    Failure   Level
 Slow                     Hex            24%        N/A       10%         1
 Cigotuvi's Dreadful Rot  Necr/Pois/Air  12%        N/A       14%         2
 Frozen Ramparts          Ice            12%        1d2       28%         3
 Inner Flame              Hex/Fire       6%         N/A       28%         3
 Brom's Barrelling Bould  Conj/Erth      11%        2d3       52%         4
 Petrify                  Tmut/Erth      6%         N/A       67%         4
 Iskenderun's Battlesphe  Conj           16%        2d7       69%         5
 Fireball                 Conj/Fire      5%         3d5       86%         5
 Metabolic Englaciation   Hex/Ice        3%         N/A       95%         5
 Yara's Violent Unravell  Hex/Tmut       3%         3d4       95%         5
 Conjure Ball Lightning   Conj/Air       5%         3x3d6     100%        6
 Enfeeble                 Hex            3%         N/A       100%        7
 Orb of Destruction       Conj           8%         9d6       100%        7


Dungeon Overview and Level Annotations

Branches:
Dungeon (3/15)

Altars:

Annotations:
D:3 Grinder, Ijyb, Sigmund


Message History

Confirm with . or Enter, or press ? or * to list all spells.
Aiming: Mephitic Cloud (extremely dangerous; 22% risk of failure)
Press: ? - help, Shift-Dir - straight line, f - Sigmund
Aim: Sigmund, wielding a +0 scythe and wearing a +0 robe (chance to affect: 86%)
The ball explodes into a vile cloud!
The stinking cloud engulfs Sigmund but does no damage.
Sigmund is engulfed in noxious fumes.
Sigmund appears confused.
The orc barely misses you.
Unknown command.
Unknown command.
Casting: Mephitic Cloud (extremely dangerous; 22% risk of failure)
Confirm with . or Enter, or press ? or * to list all spells.
Aiming: Mephitic Cloud (extremely dangerous; 22% risk of failure)
Press: ? - help, Shift-Dir - straight line, f - orc
Aim: an orc, wielding a +0 trident (chance to affect: 96%)
The ball explodes into a vile cloud!
The stinking cloud engulfs the orc but does no damage.
The orc is engulfed in noxious fumes.
The orc appears confused.
Unknown command.
Unknown command.
Unknown command.
You hit the orc.
Your weapon exudes an aura of protection.
The orc is almost dead.
Sigmund is engulfed in noxious fumes.
The orc shouts, "What's happening?!"
Unknown command.
Sigmund is engulfed in noxious fumes.
Sigmund appears confused.
Sigmund laughs at nothing.
The orc is engulfed in noxious fumes.
The orc appears confused.
Unknown command.
Casting: Mephitic Cloud (extremely dangerous; 22% risk of failure)
Confirm with . or Enter, or press ? or * to list all spells.
Aiming: Mephitic Cloud (extremely dangerous; 22% risk of failure)
Press: ? - help, Shift-Dir - straight line, f - Sigmund, p - orc
Aim: Sigmund, wielding a +0 scythe and wearing a +0 robe (confused, chance to affect: 86%)
You miscast Mephitic Cloud.
You are very lightly contaminated with residual magic.
A wave of violent energy washes through your body!
You die...

#.... #...##.####
##.$.# ###.#......#
#....####......###.##
#..$.g..#.##...###..#
##...##.$.####.......
#g.###.g## ######..
#@## #.## ###
#..###.# ##.@°o.#
####).# ......
....##.# #


You could see Sigmund (confused), Ijyb and an orc (confused).

Vanquished Creatures
  An iguana (D:3)
  4 gnolls (D:2)
  An adder (D:2)
  A dart slug (D:3)
  4 orcs (D:3)
  4 bats
  3 endoplasms
  2 giant cockroaches
  8 hobgoblins
  A jackal (D:3)
  5 kobolds
  A quokka (D:1)
  3 ball pythons
  2 frilled lizards (D:1)
  8 goblins
  7 rats
55 creatures vanquished.

Notes
Turn   | Place    | Note
-------+----------+-------------------------------------------
     0 | D:1      | pokeman the Deep Elf Hedge Wizard began the quest for the
                  | Orb.
     0 | D:1      | Reached XP level 1. HP: 10/10 MP: 7/7
   256 | D:1      | Reached XP level 2. HP: 15/15 MP: 7/9
   759 | D:1      | Found a faded altar of an unknown god.
  1058 | D:2      | Reached skill level 5 in Spellcasting
  1207 | D:2      | Reached XP level 3. HP: 20/20 MP: 3/11
  1211 | D:2      | Learned a level 3 spell: Mephitic Cloud
  1214 | D:2      | Learned a level 2 spell: Call Imp
  1217 | D:2      | Learned a level 2 spell: Blink
  1748 | D:2      | Reached skill level 1 in Armour
  1758 | D:2      | Reached skill level 1 in Fighting
  1759 | D:2      | Reached XP level 4. HP: 10/25 MP: 0/13
  2203 | D:3      | Noticed Grinder
  2429 | D:3      | Reached skill level 6 in Spellcasting
  2637 | D:3      | Noticed Ijyb
  2642 | D:3      | Noticed Sigmund
  2652 | D:3      | Killed by miscasting Mephitic Cloud

Illustrated notes

Levels and vault maps discovered:
D:1:      eino_arrival_water_cross, layout_basic,
          shapermc_ecumenical_altar_mp_highgroup
D:2:      layout_loops_cross
D:3:      layout_rooms, lemuel_crystal_altar, grunt_gozag_breadcrumbs,
          minmay_fractal_squares_gapless_5, uniq_sigmund, uniq_grinder,
          uniq_ijyb

Skill      XL: |  1  2  3  4 |
---------------+-------------+-----
Spellcasting   | 5 6 |  6.0
Armour         | 1 |  1.0
Fighting       | 1 |  1.1
Conjurations   | 2 |  2.4
Dodging        | |  2.9
Stealth        | |  2.8
Summonings     | |  1.1
Translocations | |  1.1

Action                     |  1- 3 |  4- 6 || total
---------------------------+-------+-------++-------
  Melee: Dagger            |     9 |       ||     9
         Mace              |       |     6 ||     6
   Cast: Magic Dart        |    72 |    50 ||   122
         Mephitic Cloud    |     2 |     3 ||     5
         Call Imp          |     1 |       ||     1
   Stab: Sleeping          |     1 |       ||     1
         Confused          |       |     1 ||     1
 Armour: Robe              |     8 |     7 ||    15
  Dodge: Dodged            |    20 |    16 ||    36

Table legend: (Time is in decaauts)
 A = Elapsed time spent in this place.
 B = Non-inter-level travel time spent in this place.
 C = Inter-level travel time spent in this place.
 D = Time resting spent in this place.
 E = Time spent auto-exploring this place.
 F = Levels seen in this place.
 G = Mean time per level.
                   A        B        C        D        E       F      G
               +--------+--------+--------+--------+--------+-----+--------+
         Total |   2652 |   2592 |     60 |     62 |   2229 |   3 |  884.0 |
       Dungeon |   2652 |   2592 |     60 |     62 |   2229 |   3 |  884.0 |
               +--------+--------+--------+--------+--------+-----+--------+

Top non-repeatable levels by time:
     D:1: 1030 daAuts
     D:2: 935 daAuts
     D:3: 687 daAuts
